 Dungeon Crawl Stone Soup version 0.28.0-49-g6dfe1f597d (webtiles) character file.

Game seed: 17644907419393890799

186 Atelerd the Digger (level 5, 0/31 HPs)
             Began as an Octopode Earth Elementalist on May 15, 2022.
             Succumbed to a kobold's poison
             ... in a sewer.
             The game lasted 00:02:56 (3254 turns).

Atelerd the Digger (Octopode Earth Elementalist)    Turns: 3254, Time: 00:02:56

Health: 0/31       AC:  1    Str:  7    XL:     5   Next: 65%
Magic:  1/9        EV: 13    Int: 20    God:
Gold:   61         SH:  0    Dex: 12    Spells: 5/10 levels left

rFire   . . .      SeeInvis .   i - +0 dagger
rCold   . . .      Faith    .   (no shield)
rNeg    . . .      Spirit   .   (helmet restricted)
rPois   .          Reflect  .   (no amulet)
rElec   .          Harm     .   (no ring)
rCorr   .          Rampage  .   (no ring)
Will    .....                   (no ring)
Stlth   ++++......              (no ring)
HPRegen 0.10/turn               (no ring)
MPRegen 0.11/turn               (no ring)
                                (no ring)
                                (no ring)

@: lethally poisoned (0 -> -3)
A: almost no armour, amphibious, 8 rings, camouflage 1, gelatinous body 1,
nimble swimmer 1, tentacles
a: no special abilities


You were in a sewer.
You visited 1 branch of the dungeon, and saw 3 of its levels.
You also visited: Sewer.

You collected 61 gold pieces.

Inventory:

Hand Weapons
 i - a +0 dagger (weapon)
Missiles
 b - 16 stones
Jewellery
 g - a ring of resist corrosion
Scrolls
 a - 2 scrolls of fear {unknown}
 c - a scroll of enchant armour {unknown}
 d - a scroll of silence {unknown}
 e - 2 scrolls of identify {unknown}


   Skills:
 - Level 2.0 Dodging
 + Level 3.7 Stealth
 + Level 3.2 Spellcasting
 + Level 2.9 Transmutations
 + Level 4.2 Earth Magic


You had 5 spell levels left.
You knew the following spells:

 Your Spells              Type           Power      Damage    Failure   Level
a - Sandblast             Erth           40%        2d10      2%          1
p - Petrify               Tmut/Erth      17%        N/A       32%         4

Your spell library contained the following spells:

 Spells                   Type           Power      Damage    Failure   Level
 Passwall                 Tmut/Erth      14%        N/A       4%          2
 Stone Arrow              Conj/Erth      22%        3d8       19%         3
 Ozocubu's Armour         Ice            3%         N/A       38%         3
 Tukima's Dance           Hex            3%         N/A       38%         3
 Anguish                  Hex/Necr       1%         N/A       80%         4
 Enfeeble                 Hex            1%         N/A       100%        7
 Ozocubu's Refrigeration  Ice            1%         4d5       100%        7


Dungeon Overview and Level Annotations

Branches:
Dungeon (3/15)              Sewer (1/1)

Altars:

Shops:
D:1 =

Annotations:
D:2 1 runed translucent door, Crazy Yiuf, Sigmund
D:3 Terence


Innate Abilities, Weirdness & Mutations

You cannot wear most types of armour.
You are amphibious.
You can wear up to eight rings at the same time.
Your skin changes colour to match your surroundings (Stealth+).
Your rubbery body absorbs attacks. (AC +1, EV +1)
You are camouflaged when in or above water. (Stealth+)
You have tentacles for arms and can constrict up to eight enemies at once.


Message History

The kobold throws a poisoned dart.
The poisoned dart hits you!
You are more poisoned.
The kobold brigand throws a curare-tipped dart.
The curare-tipped dart hits you.
You are lethally poisoned!
You have difficulty breathing.
You feel yourself slow down.
It was a potion of heal wounds.
You feel much better.
You feel extremely sick.
The kobold throws a poisoned dart.
The poisoned dart hits you.
You are lethally poisoned!
The kobold throws a poisoned dart.
The poisoned dart barely misses you.
The kobold throws a poisoned dart.
The poisoned dart closely misses you.
It was a potion of cancellation.
Your magical effects are unravelling.
You feel magically purged.
You feel yourself speed up.
You feel extremely sick.
The kobold splashes around in the water.
Casting: Sandblast (safe; 2% risk of failure)
Confirm with . or Enter, or press ? or * to list all spells.
Aiming: Sandblast (safe; 2% risk of failure)
Press: ? - help, Shift-Dir - straight line, f - kobold, p - kobold brigand
Aim: a kobold, wielding a +0 dagger (76% to hit)
The blast of sand hits the kobold.
You kill the kobold!
You hear a splash.
You feel very sick.
The kobold throws a stone.
The stone hits you.
Unknown command.
* * * LOW HITPOINT WARNING * * *
You feel very sick.
* * * LOW HITPOINT WARNING * * *
You feel sick.
The kobold throws a stone.
The stone misses you.
* * * LOW HITPOINT WARNING * * *
You feel sick.
* * * LOW HITPOINT WARNING * * *
You feel sick.
* * * LOW HITPOINT WARNING * * *
You feel sick.
You die...

#..≈.≈..# #..≈)≈≈≈#
#≈≈≈≈≈≈≈# #.†≈≈≈≈K#
#.≈≈≈≈≈.# #.≈≈≈≈≈.#
#..K≈≈≈≈#
#≈≈≈≈)≈.###################
#.≈K≈≈≈K≈≈@≈≈≈≈≈≈≈≈≈≈≈≈≈≈≈≈
#.≈≈≈≈.≈###################
##≈≈≈≈.## #.≈≈≈.# ###.≈≈≈.#
#∩..≈≈≈.# ###.≈≈≈.# #.≈≈≈.#
##≈≈≈##


You could see 3 kobolds.

Vanquished Creatures
  A kobold brigand (Sewer)
  3 adders (D:2)
  3 river rats (Sewer)
  3 worms
  A dart slug (D:1)
  5 ball pythons
  6 endoplasms
  3 giant cockroaches
  2 goblins (D:1)
  2 hobgoblins (D:1)
  7 jackals
  A quokka (D:1)
  2 bats (D:2)
  3 frilled lizards
  3 kobolds
  8 rats
53 creatures vanquished.

Notes
Turn   | Place    | Note
-------+----------+-------------------------------------------
     0 | D:1      | Atelerd the Octopode Earth Elementalist began the quest for
                  | the Orb.
     0 | D:1      | Reached XP level 1. HP: 11/11 MP: 3/3
   431 | D:1      | Reached XP level 2. HP: 13/17 MP: 0/5
   622 | D:1      | Found Busodog's Jewellery Emporium.
  1377 | D:2      | Reached XP level 3. HP: 18/21 MP: 6/6
  1927 | D:2      | Found a runed translucent door.
  1928 | D:2      | Noticed Crazy Yiuf
  2165 | D:2      | Reached XP level 4. HP: 20/27 MP: 8/8
  2551 | D:2      | Learned a level 4 spell: Petrify
  2697 | D:2      | Noticed Sigmund
  2780 | D:3      | Found a glowing drain.
  2838 | D:3      | Noticed Terence
  2851 | D:3      | Noticed a scorpion
  2859 | Sewer    | Entered a sewer
  3226 | Sewer    | Noticed a kobold brigand
  3229 | Sewer    | Noticed a kobold brigand
  3231 | Sewer    | Reached skill level 4 in Earth Magic
  3236 | Sewer    | Killed a kobold brigand
  3237 | Sewer    | Reached XP level 5. HP: 31/31 MP: 1/9
  3253 | Sewer    | HP: 1/31 [poisoned by a kobold]
  3254 | Sewer    | Succumbed to a kobold's poison

Illustrated notes

Levels and vault maps discovered:
D:1:      shiori_shiawase, layout_basic, serial_shops,
          nicolae_shop_behind_doors, st_stairs_6, ebering_dispersal_statue_hall,
          minivault_26, minmay_misc_feat_five
D:2:      layout_loops_corners, uniq_crazy_yiuf_cottage, uniq_sigmund
D:3:      lemuel_castle_with_subvaults [lemuel_castle_interior_original],
          layout_rooms, ebering_ecumenical_altar_webs,
          cheibrodos_sewer_entry_drain, uniq_terence, uniq_grinder, uniq_ijyb,
          uniq_jessica
Sewer:    sewer_kobolds

Skill      XL: |  1  2  3  4 |
---------------+-------------+-----
Transmutations | 2 |  2.9
Stealth        | 3 |  3.7
Spellcasting   | 3 |  3.2
Earth Magic    | 4 |  4.2
Dodging        | |  2.0

Action                   |  1- 3 |  4- 6 || total
-------------------------+-------+-------++-------
Melee: Unarmed           |    61 |     8 ||    69
       Constrict         |    15 |     7 ||    22
       Tentacles         |     5 |     5 ||    10
       Dagger            |       |    20 ||    20
       Punch             |       |     1 ||     1
 Cast: Sandblast         |    28 |    28 ||    56
  Use: Potion            |       |     2 ||     2
 Stab: Sleeping          |     4 |     1 ||     5
Armor: Skin              |     7 |     2 ||     9
Dodge: Dodged            |    46 |    30 ||    76
